 Dungeon Crawl Stone Soup version 0.16.1-51-g6203257 (webtiles) character file.

697 poirepourri the Cudgeler (level 7, -3/71 HPs)
             Began as a Troll Berserker on Aug 7, 2015.
             Was a Priest of Trog.
             Slain by a centaur (9 damage)
             ... on level 4 of the Dungeon.
             The game lasted 00:10:00 (2337 turns).

poirepourri the Cudgeler (Troll Berserker)          Turns: 2337, Time: 00:10:00

Health: -3/71      AC:  5    Str: 27    XL:     7   Next: 37%
Magic:  3/3        EV: 11    Int:  3    God:    Trog [***...]
Gold:   89         SH:  0    Dex: 10    Spells: 0 memorised, 6 levels left

rFire  . . .     SeeInvis .     a - +1 mace
rCold  + . .     Clarity  .     b - +0 animal skin
rNeg   . . .     SustAb   .     (shield restricted)
rPois  .         Gourm    +     (helmet restricted)
rElec  .         Spirit   .     (no cloak)
rCorr  .         Warding  .     (gloves unavailable)
rMut   .         Stasis   .     (boots unavailable)
MR     .....                    (no amulet)
Stlth  ..........               f - ring of loudness
                                k - ring of protection from cold

@: exhausted, slowed, very slow, not resistant to hostile enchantments,
extremely unstealthy
A: unfitting armour, claws 3, fast metabolism 3, gourmand, regeneration 2,
shaggy fur 1, tough skin 2
a: Burn Spellbooks, Berserk, Trog's Hand, Renounce Religion


You were on level 4 of the Dungeon.
You worshipped Trog.
Trog was most pleased with you.
You were not hungry.

You visited 1 branch of the dungeon, and saw 4 of its levels.

You collected 89 gold pieces.

Inventory:

Hand weapons
 a - a +1 mace (weapon)
Armour
 b - a +0 animal skin (worn)
 d - a +0 chain mail
 h - a cursed -2 pair of boots
 p - a +0 leather armour
 r - a +0 ring mail
Jewellery
 e - a +2 ring of slaying
 f - a ring of loudness (right claw)
 i - an uncursed ring of magical power
 k - a ring of protection from cold (left claw)
Magical devices
 c - a wand of lightning (7)
Scrolls
 g - 2 scrolls of fog
 o - 2 scrolls of remove curse
Potions
 j - a potion of agility
 l - a potion of ambrosia
 m - a potion of flight
Comestibles
 n - a bread ration


   Skills:
 * Level 4.6 Fighting
 + Level 4.7 Maces & Flails
 + Level 1.7 Armour
 + Level 4.3 Dodging


You had 6 spell levels left.
You didn't know any spells.

Dungeon Overview and Level Annotations

Branches:
Dungeon (4/15)
 Temple: D:4-7

Altars:


Innate Abilities, Weirdness & Mutations

You are too large for most types of armour.
You have claws for hands.
Your metabolism is lightning-fast.
You like to eat raw meat.
You heal very quickly.
You are covered in fur (AC +1).
You have very tough skin (AC +2).


Message History

You miss the kobold. The centaur closely misses you.
Unknown command.
You sock the kobold!
You kill the kobold!
Trog accepts your kill.
Your skin stops crawling.
You feel less resistant to hostile enchantments.
You are no longer berserk.
You are exhausted.
You feel yourself slow down.
The centaur hits you but does no damage.
The kobold throws a stone.
The stone barely misses you. The centaur completely misses you.
The centaur hits you.
* * * LOW HITPOINT WARNING * * *
You closely miss the centaur.
The centaur is heavily wounded.
The centaur hits you but does no damage.
The centaur closely misses you.
The kobold throws a stone.
The stone barely misses you. The centaur hits you!
You die...

###### ########### #....#
#.(........ #....# +..!.......
#....#########...K...o.K.
......#.....(.(..#
......'.........(#
......#........)(######## ≈
#....#########..@c....... #
#..(.# +.(.(....... # #..).#
#.(........ #
##)'######################### #
......≈≈≈≈≈≈≈≈≈≈≈≈≈≈≈≈≈≈≈≈≈≈#####
.....≈≈≈≈≈≈≈≈≈≈≈≈≈≈≈≈≈≈≈≈≈≈≈≈≈≈≈≈
≈....≈≈≈≈≈≈≈≈≈≈≈≈≈≈≈≈≈≈≈≈≈≈≈≈≈≈≈≈
(....≈≈≈≈.≈≈≈≈.≈≈≈≈≈≈≈≈≈≈≈≈≈≈.≈≈≈
.................................


You could see a centaur and a kobold.

Vanquished Creatures
  The ghost of Miyamura the Chucker, an average TrHu (D:4)
  The ghost of poirepourri the Bolt Thrower, an average FoHu (D:3)
  2 big kobolds (D:4)
  2 hounds (D:4)
  An orc wizard (D:4)
  Ijyb (D:3)
  4 adders
  A worm (D:3)
  2 orcs (D:3)
  A ball python (D:3)
  2 giant cockroaches
  4 hobgoblins
  8 jackals
  24 kobolds
  3 bats
  4 giant geckos
  A giant newt (D:1)
  6 goblins
  2 quokkas (D:3)
  4 rats
74 creatures vanquished.

Notes
Turn   | Place    | Note
--------------------------------------------------------------
     0 | D:1      | poirepourri, the Troll Berserker, began the quest for the Orb.
     0 | D:1      | Reached XP level 1. HP: 22/22 MP: 1/1
   169 | D:1      | Reached XP level 2. HP: 29/29 MP: 1/1
   791 | D:3      | Reached skill level 3 in Maces & Flails
   802 | D:3      | Acquired Trog's second power
   810 | D:3      | Noticed poirepourri's ghost (average FoHu)
   849 | D:3      | Killed poirepourri's ghost
   849 | D:3      | Reached XP level 3. HP: 37/37 MP: 2/2
   849 | D:3      | Reached XP level 4. HP: 45/45 MP: 2/2
   849 | D:3      | Reached XP level 5. HP: 53/53 MP: 2/2
   858 | D:3      | Noticed Ijyb
   860 | D:3      | HP: 2/53 [Ijyb/wand of lightning (9)]
   887 | D:3      | Killed Ijyb
   974 | D:3      | Reached skill level 4 in Maces & Flails
  1655 | D:4      | Noticed Miyamura's ghost (average TrHu)
  1674 | D:4      | Killed Miyamura's ghost
  1674 | D:4      | Reached XP level 6. HP: 62/62 MP: 3/3
  2033 | D:4      | Reached XP level 7. HP: 58/71 MP: 3/3
  2306 | D:4      | Noticed a centaur
  2337 | D:4      | Slain by a centaur

Action                   |  1- 3 |  4- 6 |  7- 9 || total
-------------------------+-------+-------+-------++-------
Melee: Mace              |    81 |   144 |    79 ||   304
       Unarmed           |       |     2 |       ||     2
Invok: Trog's Hand       |     1 |     2 |     1 ||     4
       Berserk           |     1 |     1 |     2 ||     4
  Use: Potion            |     4 |     3 |     3 ||    10
       Scroll            |       |     5 |     1 ||     6
  Eat: Meat ration       |     1 |     1 |       ||     2
       Bread ration      |       |     1 |     1 ||     2
       Chunk             |       |     5 |     1 ||     6
